 Dungeon Crawl Stone Soup version 0.23.2-1-ga50397a (webtiles) character file.

Game seed: 4841621420643492703

1806 sankara the Covert (level 8, -1/57 HPs)
             Began as a Vampire Enchanter on May 11, 2019.
             Was a Follower of Kikubaaqudgha.
             Killed by divine providence
             ... invoked by an orc priest
              (12 damage)
             ... on level 7 of the Dungeon.
             The game lasted 00:41:43 (9113 turns).

sankara the Covert (Vampire Enchanter)              Turns: 9113, Time: 00:41:44

Health: -1/57      AC:  4    Str: 12    XL:     8   Next: 84%
Magic:  0/21       EV: 14    Int: 18    God:    Kikubaaqudgha [*.....]
Gold:   421        SH:  0    Dex: 16    Spells: 1/13 levels left

rFire    . . .     SeeInvis +   b - +1 dagger
rCold    + + .     Gourm    .   (no shield)
rNeg     + + +     Faith    .   F - +0 robe
rPois    ∞         Spirit   .   J - +0 helmet
rElec    .         Reflect  .   h - +0 cloak
rCorr    .         Harm     .   (no gloves)
MR       .....                  (no boots)
Stlth    ++++++++..             (no amulet)
HPRegen  0.00/turn              A - ring of stealth {Stlth+}
MPRegen  0.17/turn              k - ring of magical power {MP+9}

@: mighty, bloodless, non-regenerating
A: fangs 3, see invisible, unbreathing
a: Bat Form, Receive Corpses, Renounce Religion


You were on level 7 of the Dungeon.
You worshipped Kikubaaqudgha.
Kikubaaqudgha was aware of your devotion.
You were bloodless.

You visited 2 branches of the dungeon, and saw 8 of its levels.

You collected 421 gold pieces.

Inventory:

Hand Weapons
 a - a +0 long sword
   (You found it on level 5 of the Dungeon)
 b - a +1 dagger (weapon)
 q - a +0 hunting sling
   (You took it off a goblin on level 2 of the Dungeon)
 H - a +0 dagger of pain
   (You took it off an orc on level 6 of the Dungeon)
Missiles
 c - 39 poisoned needles
 e - 220 stones
 f - 51 sling bullets
 o - 2 tomahawks (quivered)
 r - 7 needles of confusion
 B - 4 javelins
Armour
 h - a +0 cloak (worn)
   (You found it on level 1 of the Dungeon)
 F - a +0 robe (worn)
 J - a +0 helmet (worn)
   (You found it on level 6 of the Dungeon)
Jewellery
 j - an uncursed ring of fire {rF+, rC-}
   (You found it on level 1 of the Dungeon)
 k - a ring of magical power (right hand) {MP+9}
   (You found it on level 1 of the Dungeon)
 x - an uncursed ring of poison resistance {rPois, !d}
   (You found it on level 5 of the Dungeon)
 A - a ring of stealth (left hand) {Stlth+}
   (You found it on level 5 of the Dungeon)
Wands
 w - a wand of flame (28)
   (You took it off a goblin on level 4 of the Dungeon)
 y - a wand of polymorph (7)
   (You found it on level 5 of the Dungeon)
Scrolls
 m - 5 scrolls of teleportation
 p - a scroll of identify
 s - a scroll of remove curse
 u - 2 scrolls of immolation {unknown}
 v - a scroll of enchant armour {unknown}
 C - a scroll of enchant weapon {unknown}
 D - a scroll of magic mapping {unknown}
 E - 3 scrolls of random uselessness {unknown}
 I - a scroll of torment {unknown}
 L - a scroll of blinking {unknown}
Potions
 d - 9 potions of blood {@q1}
 g - a potion of mutation {!q}
 i - 5 potions of flight
 l - 2 potions of heal wounds
 n - a potion of curing
 t - a potion of lignification {!q}
 z - 2 potions of haste
 G - a potion of ambrosia


   Skills:
 + Level 2.6 Fighting
 - Level 1.1(2.3) Short Blades
 + Level 2.9(3.0) Long Blades
 + Level 4.1 Dodging
 * Level 12.0 Stealth
 - Level 3.0 Spellcasting
 + Level 8.6 Hexes
 - Level 3.0 Ice Magic


You had one spell level left.
You knew the following spells:

 Your Spells              Type           Power        Failure   Level  Hunger
a - Corona                Hex            ####...      1%          1    None
b - Ensorcelled Hibernat  Hex/Ice        ###...       2%          2    ##.....
c - Confuse               Hex            ####....     1%          3    ###....
d - Tukima's Dance        Hex            ####....     1%          3    ###....
e - Dazzling Spray        Conj/Hex       ###...       9%          3    ###....

Your spell library contained the following spells:

 Spells                   Type           Power        Failure   Level  Hunger
 Pain                     Necr           #...         16%         1    None
 Summon Small Mammal      Summ           #...         16%         1    None
 Summon Guardian Golem    Hex/Summ       ###.....     9%          3    ###....
 Call Imp                 Summ           #.......     24%         2    ##.....
 Corpse Rot               Necr           N/A          24%         2    ##.....
 Sublimation of Blood     Necr           #.........   24%         2    ##.....
 Call Canine Familiar     Summ           #.......     43%         3    ###....
 Regeneration             Chrm/Necr      #.........   43%         3    ###....
 Summon Ice Beast         Ice/Summ       #.......     65%         4    ####...
 Summon Lightning Spire   Summ/Air       #.......     85%         4    ####...


Dungeon Overview and Level Annotations

Branches:
Dungeon (7/15)             Temple (1/1) D:6

Altars:
Ashenzari
Cheibriados
Dithmenos
Elyvilon
Fedhas
Gozag
Hepliaklqana
Kikubaaqudgha
Makhleb
Nemelex Xobeh
Okawaru
Ru
Sif Muna
Trog
Uskayaw
Vehumet
Wu Jian
Xom
Yredelemnul
Zin
The Shining One


Innate Abilities, Weirdness & Mutations

You do not heal naturally.
You are immune to poison.
You have razor-sharp teeth.
You have supernaturally acute eyesight. (SInv)
You can survive without breathing.


Message History

Aim: an orc priest, wielding a +3 vampiric hand axe and wearing a +0 ring mail (chance to defeat MR: 52%)
The orc struggles to resist.
Casting: Ensorcelled Hibernation (safe; 2% risk of failure)
Confirm with . or Enter, or press ? or * to list all spells.
Aiming: Ensorcelled Hibernation (safe; 2% risk of failure)
Press: ? - help, Shift-Dir - straight line, f/p - orc priest
Aim: an orc priest, wielding a +3 vampiric hand axe and wearing a +0 ring mail (chance to defeat MR: 52%)
The orc looks drowsy...
The helpless orc fails to defend itself.
You bite the orc, and draw its blood!
You feel slightly less thirsty.
You skewer the orc like a kebab!!!
You kill the orc!
Kikubaaqudgha accepts your kill.
Casting: Ensorcelled Hibernation (safe; 2% risk of failure)
Confirm with . or Enter, or press ? or * to list all spells.
Aiming: Ensorcelled Hibernation (safe; 2% risk of failure)
Press: ? - help, Shift-Dir - straight line, f/p - orc priest
Aim: an orc priest, wielding a +3 vampiric hand axe and wearing a +0 ring mail (chance to defeat MR: 52%)
The orc looks drowsy...
The orc priest invokes the aid of Beogh against you.
Beogh smites you!
The helpless orc fails to defend itself.
You bite the orc, and draw its blood!
You feel better.
You feel slightly less thirsty.
You stick the orc like a pincushion!!!
You kill the orc!
Kikubaaqudgha accepts your kill.
You can now receive cadavers from Kikubaaqudgha.
You see here Kikubaaqudgha's Disquisition on Dark Arts.
Kikubaaqudgha grants you a gift!
You pick up Kikubaaqudgha's Disquisition on Dark Arts and begin reading...
You add the spells Pain, Corpse Rot, Sublimation of Blood and Regeneration to your library.
The orc priest hits you with a +3 vampiric hand axe.
Casting: Ensorcelled Hibernation (safe; 2% risk of failure)
Confirm with . or Enter, or press ? or * to list all spells.
Aiming: Ensorcelled Hibernation (safe; 2% risk of failure)
Press: ? - help, Shift-Dir - straight line, f/p - orc priest
Aim: an orc priest, wielding a +3 vampiric hand axe and wearing a +0 ring mail (chance to defeat MR: 52%)
The orc priest resists with some effort.
The orc priest hits you with a +3 vampiric hand axe!
Casting: Ensorcelled Hibernation (safe; 2% risk of failure)
Confirm with . or Enter, or press ? or * to list all spells.
You don't know that spell.
Unknown command.
Unknown command.
Casting: Ensorcelled Hibernation (safe; 2% risk of failure)
Confirm with . or Enter, or press ? or * to list all spells.
Aiming: Ensorcelled Hibernation (safe; 2% risk of failure)
Press: ? - help, Shift-Dir - straight line, f/p - orc priest
Aim: an orc priest, wielding a +3 vampiric hand axe and wearing a +0 ring mail (chance to defeat MR: 52%)
The orc priest resists with some effort.
The orc priest calls down the wrath of Beogh upon you.
Beogh smites you!
Casting: Ensorcelled Hibernation (safe; 2% risk of failure)
Confirm with . or Enter, or press ? or * to list all spells.
Aiming: Ensorcelled Hibernation (safe; 2% risk of failure)
Press: ? - help, Shift-Dir - straight line, f/p - orc priest
Aim: an orc priest, wielding a +3 vampiric hand axe and wearing a +0 ring mail (chance to defeat MR: 52%)
The orc priest resists with some effort.
The orc priest closely misses you.
Casting: Ensorcelled Hibernation (safe; 2% risk of failure)
Confirm with . or Enter, or press ? or * to list all spells.
Aiming: Ensorcelled Hibernation (safe; 2% risk of failure)
Press: ? - help, Shift-Dir - straight line, f/p - orc priest
Aim: an orc priest, wielding a +3 vampiric hand axe and wearing a +0 ring mail (chance to defeat MR: 52%)
The orc priest resists with some effort.
Casting: Ensorcelled Hibernation (safe; 2% risk of failure)
Confirm with . or Enter, or press ? or * to list all spells.
Aiming: Ensorcelled Hibernation (safe; 2% risk of failure)
Press: ? - help, Shift-Dir - straight line, f/p - orc priest
Aim: an orc priest, wielding a +3 vampiric hand axe and wearing a +0 ring mail (chance to defeat MR: 52%)
The orc priest resists with some effort.
The orc priest hits you with a +3 vampiric hand axe.
Casting: Ensorcelled Hibernation (safe; 2% risk of failure)
Confirm with . or Enter, or press ? or * to list all spells.
Aiming: Ensorcelled Hibernation (safe; 2% risk of failure)
Press: ? - help, Shift-Dir - straight line, f/p - orc priest
Aim: an orc priest, wielding a +3 vampiric hand axe and wearing a +0 ring mail (chance to defeat MR: 52%)
The orc priest resists with some effort.
The orc priest misses you.
You barely miss the orc priest.
The orc priest hits you with a +3 vampiric hand axe.
You barely miss the orc priest.
You bite the orc priest, but do no damage.
The orc priest misses you.
You hit the orc priest but do no damage.
The orc priest barely misses you.
Casting: Ensorcelled Hibernation (safe; 2% risk of failure)
Confirm with . or Enter, or press ? or * to list all spells.
Aiming: Ensorcelled Hibernation (safe; 2% risk of failure)
Press: ? - help, Shift-Dir - straight line, f/p - orc priest
Aim: an orc priest, wielding a +3 vampiric hand axe and wearing a +0 ring mail (chance to defeat MR: 52%)
The orc priest resists with some effort.
The orc priest invokes the aid of Beogh against you.
Beogh smites you!
* * * LOW HITPOINT WARNING * * *
You feel very mighty all of a sudden.
The orc priest calls down the wrath of Beogh upon you.
Beogh smites you!
You die...
Kikubaaqudgha rasps: "You have failed me!
Welcome... oblivion!"

#................#
##..............##
##.....#.......#
####.#.#.#####.#
#....#.#.# .#
#.####.#.. .. #.#
#.##. #. #.# #@#
#o# ... #..## #.##
#. #. #.


You could see an orc priest.

Vanquished Creatures
  2 ice beasts
  2 orc warriors (D:6)
  A phantom (D:6)
  3 centaurs
  A scorpion (D:4)
  5 wights
  2 howler monkeys
  2 crimson imps
  A quasit (D:7)
  2 hounds
  A centaur skeleton (D:7)
  6 orc priests
  An orc wizard (D:6)
  5 worker ants
  2 hound skeletons (D:6)
  A worker ant zombie (D:5)
  4 gnolls (D:2)
  5 adders
  A shadow imp (D:4)
  An adder zombie (D:7)
  An adder skeleton (D:6)
  3 worms
  2 dart slugs
  2 leopard geckos (D:1)
  22 orcs
  3 giant cockroaches
  13 goblins
  12 hobgoblins
  6 kobolds
  6 quokkas
  2 ball pythons (D:2)
  11 bats
  4 frilled lizards
  A leopard gecko skeleton (D:6)
  7 rats
143 creatures vanquished.

Notes
Turn   | Place    | Note
-------+----------+-------------------------------------------
     0 | D:1      | sankara the Vampire Enchanter began the quest for the Orb.
     0 | D:1      | Reached XP level 1. HP: 13/13 MP: 3/3
   224 | D:1      | HP: 3/13 [goblin (3)]
   491 | D:1      | Reached skill level 5 in Stealth
   525 | D:1      | Reached XP level 2. HP: 14/19 MP: 5/5
   763 | D:1      | HP: 4/19 [hobgoblin/+0 club (4)]
   782 | D:1      | HP: 4/19 [hobgoblin/+0 club (1)]
   792 | D:1      | Learned a level 2 spell: Ensorcelled Hibernation
  1124 | D:1      | Reached skill level 5 in Hexes
  1127 | D:1      | Reached XP level 3. HP: 15/24 MP: 6/6
  1391 | D:1      | Reached skill level 6 in Stealth
  1885 | D:2      | Found a faded altar of an unknown god.
  2623 | D:2      | Reached skill level 1 in Ice Magic
  2623 | D:2      | Reached XP level 4. HP: 30/30 MP: 7/7
  2944 | D:2      | Reached skill level 7 in Stealth
  3475 | D:3      | Reached XP level 5. HP: 35/35 MP: 5/8
  3638 | D:3      | Learned a level 3 spell: Confuse
  3822 | D:3      | Found a basalt altar of Yredelemnul.
  4088 | D:4      | Noticed a centaur
  4116 | D:4      | Killed a centaur
  4116 | D:4      | Reached skill level 8 in Stealth
  4116 | D:4      | Reached skill level 6 in Hexes
  4116 | D:4      | Reached skill level 2 in Ice Magic
  4160 | D:4      | Reached XP level 6. HP: 39/41 MP: 9/9
  4401 | D:4      | Found a radiant altar of Vehumet.
  4476 | D:4      | Found an opulent altar of Gozag.
  4641 | D:5      | Entered Level 5 of the Dungeon
  4646 | D:5      | HP: 9/41 [hound (2)]
  4648 | D:5      | Reached skill level 9 in Stealth
  4652 | D:5      | Reached skill level 3 in Ice Magic
  5241 | D:5      | Reached XP level 7. HP: 37/46 MP: 10/10
  5268 | D:5      | Learned a level 3 spell: Tukima's Dance
  5339 | D:5      | Found a glowing golden altar of the Shining One.
  5371 | D:5      | Reached skill level 7 in Hexes
  5422 | D:5      | HP: 9/46 [orc priest/divine providence (14)]
  5964 | D:4      | Reached skill level 10 in Stealth
  6495 | D:5      | Found a snail-covered altar of Cheibriados.
  7233 | D:6      | Reached skill level 1 in Fighting
  7688 | D:6      | Reached skill level 1 in Long Blades
  7780 | D:6      | Reached skill level 3 in Dodging
  7796 | D:6      | Reached XP level 8. HP: 54/54 MP: 11/11
  7862 | D:6      | Found a staircase to the Ecumenical Temple.
  7864 | D:6      | Reached skill level 11 in Stealth
  7873 | Temple   | Entered the Ecumenical Temple
  7881 | Temple   | Reached skill level 8 in Hexes
  7891 | Temple   | Became a worshipper of Kikubaaqudgha
  8056 | Temple   | Learned a level 3 spell: Dazzling Spray
  8092 | D:6      | Reached skill level 2 in Fighting
  8092 | D:6      | Reached skill level 2 in Long Blades
  8092 | D:6      | Reached skill level 3 in Spellcasting
  8220 | D:6      | Found a burning altar of Makhleb.
  8972 | D:7      | Reached skill level 4 in Dodging
  9052 | D:7      | Reached skill level 12 in Stealth
  9101 | D:7      | Reached * piety under Kikubaaqudgha
  9101 | D:7      | Identified Kikubaaqudgha's Disquisition on Dark Arts
                  | (Kikubaaqudgha gifted it to you on level 7 of the Dungeon)
  9101 | D:7      | Received a gift from Kikubaaqudgha
  9112 | D:7      | HP: 11/57 [orc priest/divine providence (15)]
  9113 | D:7      | Killed from afar by an orc priest

Skill      XL: |  1  2  3  4  5  6  7  8 |
---------------+-------------------------+-----
Stealth        | 5 6 7 8 9 10 12 | 12.0
Hexes          | 5 6 7 8 |  8.6
Ice Magic      | 1 2 3 |  3.0
Fighting       | 1 2 |  2.6
Long Blades    | 1 2 |  2.9
Dodging        | 3 4 |  4.1
Spellcasting   | 3 |  3.0
Short Blades   | |  1.1

Action                   |  1- 3 |  4- 6 |  7- 9 || total
-------------------------+-------+-------+-------++-------
Melee: Dagger            |   127 |   137 |    91 ||   355
       Bite              |     9 |    10 |     9 ||    28
       Long sword        |       |       |    13 ||    13
Throw: Tomahawk          |       |     2 |     1 ||     3
       Stone             |       |     2 |       ||     2
 Cast: Ensorcelled Hiber |     6 |    37 |    54 ||    97
       Confuse           |       |       |    13 ||    13
       Corona            |       |       |     2 ||     2
  Use: Potion            |     1 |     2 |     7 ||    10
       Scroll            |       |     4 |     7 ||    11
 Stab: Sleeping          |    20 |    31 |    43 ||    94
       Distracted        |       |     1 |       ||     1
       Confused          |       |       |     8 ||     8
Armor: Robe              |    19 |    21 |    23 ||    63
Dodge: Dodged            |    74 |    77 |    70 ||   221
       Rpst.: Long sword |       |       |     2 ||     2

Levels and vault maps discovered:
D:1:      ebering_trefoil_twist, layout_basic, st_stairs_3, minmay_hexomino_p4
D:2:      layout_loops_corners, chequers_ecumenical_altar_simple
D:3:      layout_loops_cross, nicolae_overflow_crystal_walls
D:4:      layout_basic, grunt_gozag_statues, vehumet_altar_wand_db
D:5:      layout_cave_pools, nicolae_tso_carved_into_rock, lemuel_doored_altar,
          first_ration
D:6:      layout_loops_ring, bloody_makhleb, minmay_temple_entry_junction_2
D:7:      layout_rooms
Temple:   eino_temple_rhombus

Table legend:
 A = Turns spent in this place as a percentage of turns spent in the entire game.
 B = Non-inter-level travel turns spent in this place as a percentage of non-inter-level travel turns spent in the entire game.
 C = Inter-level travel turns spent in this place as a percentage of turns spent in this place.
 D = Turns resting spent in this place as a percentage of non-inter-level travel turns spent in this place.
 E = Turns spent auto-exploring this place as a percentage of non-inter-level travel turns spent in this place.
 F = Non-inter-level travel turns spent in this place divided by the number of levels of this place that you've seen.
                   A       B       C       D       E      F
               +-------+-------+-------+-------+-------+----------------------
         Total | 100.0 | 100.0 |   3.7 |  42.0 |  35.0 | 1096.6
       Dungeon |  98.0 |  98.1 |   3.6 |  42.6 |  34.4 | 1229.3
        Temple |   2.0 |   1.9 |   8.7 |  13.1 |  69.0 | 168.0
               +-------+-------+-------+-------+-------+----------------------

Table legend:
 A = Kills in this place as a percentage of kills in entire the game.
 B = Kills by you in this place as a percentage of kills by you in the entire game.
 C = Kills by friends in this place as a percentage of kills by friends in the entire game.
 D = Other kills in this place as a percentage of other kills in the entire game.
 E = Experience gained in this place as a percentage of experience gained in the entire game.
 F = Experience gained in this place divided by the number of levels of this place that you have seen.
                   A       B       C       D       E      F
               +-------+-------+-------+-------+-------+----------------------
         Total | 100.0 | 100.0 |   N/A |   N/A | 100.0 | 322.5
       Dungeon |  99.3 |  99.3 |   N/A |   N/A |  97.8 | 360.4
        Temple |   0.7 |   0.7 |   N/A |   N/A |   2.2 |  57.0
               +-------+-------+-------+-------+-------+----------------------
